 Dungeon Crawl Stone Soup version 0.15-a0-2374-gaadabb3 (webtiles) character file.

88 Ales the Magician (level 4, -3/24 HPs)
             Began as a Deep Elf Wizard on Aug 1, 2014.
             Slain by a gnoll
             ... wielding a +0 spear
              (4 damage)
             ... on Level 3 of the Dungeon.
             The game lasted 00:10:36 (2281 turns).

Ales the Magician (Deep Elf Wizard)                 Turns: 2281, Time: 00:10:36

HP  -3/24        AC  3     Str  4      XL: 4   Next: 30%
MP  15/17        EV 13     Int 27      God:
Gold 74          SH  0     Dex 13      Spells:  1 memorised, 12 levels left

rFire  . . .     SeeInvis .     (no weapon)
rCold  . . .     Clarity  .     a - +0 robe
rNeg   . . .     rCorr    .     (no shield)
rPois  .         rRot     .     b - +1 hat
rElec  .         Spirit   .     (no cloak)
SustAb .         Warding  .     (no gloves)
rMut   .         Stasis   .     (no boots)
Gourm  .                        (no amulet)
MR     .....                    (no ring)
                                i - +3 ring of intelligence

@: not resistant to hostile enchantments, unstealthy
A: no striking features
a: no special abilities


You were on level 3 of the Dungeon.
You were not hungry.

You visited 1 branch of the dungeon, and saw 3 of its levels.

You collected 74 gold pieces.

Inventory:

Armour
 a - a +0 robe (worn)
 b - a +1 hat (worn)
 n - a +2 pair of gloves of archery
Comestibles
 d - a bread ration
 g - 2 beef jerkies
 k - a meat ration
Jewellery
 i - a +3 ring of intelligence (left hand)
Potions
 e - a potion of cure mutation
 f - 4 potions of heal wounds
 h - a potion of haste {unknown}
 j - a potion of cancellation {unknown}
 m - a potion of lignification {unknown}
 o - a potion of magic {unknown}
Books
 c - a book of Minor Magic

   Spells                             Type                      Level
   *Magic Dart                        Conjuration                  1
   Blink                              Translocation                2
   Call Imp                           Summoning                    2
   Repel Missiles                     Charms/Air                   2
   Slow                               Hexes                        2
   Conjure Flame                      Conjuration/Fire             3
   Mephitic Cloud                     Conjuration/Poison/Air       3


   Skills:
 + Level 3.3 Dodging
 + Level 3.1 Stealth
 + Level 5.4 Spellcasting
 + Level 2.6 Conjurations
   Level 1.1 Summonings
   Level 1.1 Translocations


You had 12 spell levels left.
You knew the following spells:

 Your Spells              Type           Power        Failure   Level  Hunger
a - Magic Dart            Conj           ###.         1%          1    None


Dungeon Overview and Level Annotations

Branches:
Dungeon (3/15)

Altars:
Xom


Message History

* * * LOW HITPOINT WARNING * * *
There is a stone staircase leading up here.
Casting: Magic Dart
Confirm with . or Enter, or press ? or * to list all spells.
Aiming: Magic Dart
Press: ? - help, Shift-Dir - straight line, f - orc
Aim: an orc, wielding a club and wearing a chain mail The magic dart hits the orc.
The orc closely misses you. The orc hits you with a club.
* * * LOW HITPOINT WARNING * * *
Casting: Magic Dart
Confirm with . or Enter, or press ? or * to list all spells.
Aiming: Magic Dart
Press: ? - help, Shift-Dir - straight line, f/p - orc
Aim: an orc, wielding a club and wearing a chain mail The magic dart hits the orc.
The gnoll closely misses you. The orc closely misses you.
The orc hits you with a club.
* * * LOW HITPOINT WARNING * * *
The gnoll hits you with a spear.
You die...

#........(.....#
#..............#
...#...........####
....#........##.#
.....#........##.#
......#........##.#
................##.#
............o...# .
...........o@.#.##.##
#.........g.........
#..........[......#.
+...................
#.................#
#..#..............#
... ###.............
.# #%###.#......
#................


You could see a gnoll and 2 orcs.

Vanquished Creatures
  2 gnolls
  An adder (D:2)
  A giant mite (D:1)
  2 worms (D:2)
  A giant gecko (D:1)
  An ooze (D:1)
  An orc (D:3)
  2 giant cockroaches
  6 hobgoblins
  A quokka (D:3)
  A ball python (D:2)
  9 bats
  2 giant newts (D:2)
  3 goblins
  4 kobolds (D:1)
  4 rats (D:1)
41 creatures vanquished.

Notes
Turn   | Place    | Note
--------------------------------------------------------------
     0 | D:1      | Ales, the Deep Elf Wizard, began the quest for the Orb.
     0 | D:1      | Reached XP level 1. HP: 10/10 MP: 6/6
   486 | D:1      | Reached XP level 2. HP: 13/15 MP: 8/10
   809 | D:1      | Reached skill level 5 in Spellcasting
   853 | D:1      | Reached XP level 3. HP: 15/19 MP: 1/14
  1147 | D:2      | Found a shimmering altar of Xom.
  2003 | D:3      | Reached XP level 4. HP: 24/24 MP: 10/17
  2280 | D:3      | HP: 1/24 [orc/club (3)]
  2281 | D:3      | Slain by a gnoll

Action                   |  1- 3 |  4- 6 || total
-------------------------+-------+-------++-------
Melee: Unarmed           |    23 |     2 ||    25
 Cast: Magic Dart        |   108 |    10 ||   118
  Use: Scroll            |     7 |       ||     7
       Potion            |       |     1 ||     1
  Eat: Chunk             |     2 |       ||     2
       Bread ration      |     1 |       ||     1
